 Dungeon Crawl Stone Soup version 0.30-a0-339-g89bb51ec76 (webtiles) character file.

Game seed: 16620430066283381919

75 Muataran the Chopper (level 4, -2/41 HPs)
             Began as a Hill Orc Monk on Oct 31, 2022.
             Slain by Grinder (7 damage)
             ... on level 3 of the Dungeon.
             The game lasted 00:02:51 (1870 turns).

Muataran the Chopper (Hill Orc Monk)                Turns: 1870, Time: 00:02:52

Health: -2/41      AC:  3    Str: 15    XL:     4   Next: 31%
Magic:  4/4        EV: 12    Int: 10    God:
Gold:   40         SH:  0    Dex: 13    Spells: 3/3 levels left

rFire   . . .      SeeInvis .    a - +0 hand axe
rCold   . . .      Faith    .    (no shield)
rNeg    . . .      Spirit   .    b - +0 robe
rPois   .          Reflect  .    (no helmet)
rElec   .          Harm     .    (no cloak)
rCorr   .          Rampage  .    f - +0 pair of gloves
Will    .....                    (no boots)
Stlth   ++........               (no amulet)
HPRegen 0.26/turn                (no ring)
MPRegen 0.09/turn                (no ring)

@: no status effects
A: no striking features
a: no special abilities


You were on level 3 of the Dungeon.
You visited 1 branch of the dungeon, and saw 3 of its levels.

You collected 40 gold pieces.

Inventory:

Hand Weapons
 a - a +0 hand axe (weapon)
Armour
 b - a +0 robe (worn)
 f - a +0 pair of gloves (worn)
Jewellery
 j - a +4 ring of evasion
Scrolls
 d - a scroll of identify {unknown}
 g - 2 scrolls of blinking {unknown}
 h - 2 scrolls of noise {unknown}
 i - a scroll of enchant weapon {unknown}
 k - a scroll of brand weapon {unknown}
 p - 2 scrolls of vulnerability {unknown}
 q - 2 scrolls of magic mapping {unknown}
Potions
 c - a potion of ambrosia
 e - a potion of invisibility {unknown}
 l - a potion of flight {unknown}
 m - a potion of mutation {unknown}
 n - 2 potions of degeneration {unknown}
 o - a potion of heal wounds {unknown}


   Skills:
 + Level 4.5 Fighting
 * Level 5.9 Axes
 - Level 2.4 Dodging
 - Level 1.5 Stealth


You had 3 spell levels left.
You didn't know any spells.
Your spell library contained the following spells:

 Spells                   Type           Power      Damage    Failure   Level
 Magic Dart               Conj           0%         1d3       36%         1
 Call Imp                 Summ           0%         N/A       50%         2
 Sublimation of Blood     Necr           0%         N/A       50%         2
 Wereblood                Tmut           0%         N/A       50%         2
 Mephitic Cloud           Conj/Pois/Air  0%         N/A       75%         3
 Summon Guardian Golem    Hex/Summ       0%         N/A       75%         3
 Orb of Destruction       Conj           0%         9d5       100%        7
 Spellforged Servitor     Conj/Summ      0%         N/A       100%        7
 Summon Hydra             Summ           0%         N/A       100%        7


Dungeon Overview and Level Annotations

Branches:
Dungeon (3/15)

Altars:
Uskayaw

Annotations:
D:3 Grinder


Message History

Grinder gestures at you.
You suddenly lose the ability to move!
You can move again.
Grinder gestures at you. You resist with significant effort.
You hit Grinder but do no damage. Grinder hits you.
You hit Grinder.
Grinder is lightly wounded.
Grinder says, "FISH!"
Grinder closely misses you.
You hit Grinder but do no damage.
Grinder is lightly wounded.
Grinder hits you.
You writhe in agony.
You barely miss Grinder.
Grinder is lightly wounded.
Grinder hits you!
You writhe in agony.
You completely miss Grinder.
Grinder is lightly wounded.
Grinder gestures at you. You resist with significant effort.
You hit Grinder but do no damage.
Grinder is lightly wounded.
Grinder hits you.
* * * LOW HITPOINT WARNING * * *
You writhe in agony.
* * * LOW HITPOINT WARNING * * *
You hit Grinder but do no damage.
Grinder is lightly wounded.
Grinder closely misses you.
You closely miss Grinder.
Grinder is lightly wounded.
Grinder closely misses you.
You hit Grinder.
Grinder is lightly wounded.
Grinder hits you.
* * * LOW HITPOINT WARNING * * *
You closely miss Grinder.
Grinder is lightly wounded.
Grinder hits you!
You die...

### ###.#########
#...#.......#
#.#.#.#####.#
#.#.#.#####.#
#####.#.#<......#
#.......##.##...#
#...<@..##.#...###
#....5..##.#.#...#
#..........#.###.#
#......#####.###.## #
#....>............# #
#......#.###...#..## #
#......#.#####5#...# #
#....[.#.........#.# #
############.#...#.###


You could see Grinder.

Vanquished Creatures
  2 gnolls
  A shadow imp (D:3)
  3 worms (D:2)
  2 dart slugs (D:1)
  3 ball pythons (D:2)
  2 endoplasms (D:1)
  2 giant cockroaches (D:2)
  3 goblins
  A jackal (D:2)
  3 quokkas
  4 bats
  2 frilled lizards (D:3)
  5 kobolds
  3 rats
36 creatures vanquished.

Notes
Turn   | Place    | Note
-------+----------+-------------------------------------------
     0 | D:1      | Muataran the Hill Orc Monk began the quest for the Orb.
     0 | D:1      | Reached XP level 1. HP: 19/19 MP: 1/1
   132 | D:1      | Found a faded altar of an unknown god.
   198 | D:1      | Reached XP level 2. HP: 25/27 MP: 2/2
   865 | D:2      | Reached skill level 5 in Axes
   984 | D:2      | Reached XP level 3. HP: 27/33 MP: 3/3
  1568 | D:3      | Noticed a +0 short sword
  1568 | D:3      | Noticed a +0 spear
  1568 | D:3      | Noticed a +0 dagger
  1568 | D:3      | Noticed a +0 falchion
  1568 | D:3      | Noticed a +0 spear
  1568 | D:3      | Noticed a +0 dagger
  1569 | D:3      | Found a hide-covered altar of Uskayaw.
  1569 | D:3      | Noticed a +0 falchion
  1578 | D:3      | Noticed a +0 short sword
  1692 | D:3      | Reached XP level 4. HP: 34/41 MP: 4/4
  1700 | D:3      | Noticed Grinder
  1700 | D:3      | Paralysed by Grinder for 3 turns
  1858 | D:3      | Paralysed by Grinder for 2 turns
  1870 | D:3      | Slain by Grinder

Illustrated notes

Levels and vault maps discovered:
D:1:      saegor_arrival_simple_c, layout_basic, basic_ecumenical_altar,
          minmay_misc_feat_diagonals, minivault_4, hangedman_decor_peaks_small
D:2:      layout_basic
D:3:      layout_basic, nicolae_uskayaw_en_pointe, serial_shops,
          nicolae_shop_trees, uniq_grinder, uniq_natasha

Skill      XL: |  1  2 |
---------------+-------+-----
Fighting       | 4 |  4.5
Axes           | 5 |  5.9
Dodging        | |  2.4
Stealth        | |  1.5

Action                   |  1- 3 |  4- 6 || total
-------------------------+-------+-------++-------
Melee: Hand axe          |    98 |    15 ||   113
 Stab: Sleeping          |     5 |       ||     5
Armor: Robe              |     9 |     3 ||    12
Dodge: Dodged            |    66 |    32 ||    98

Table legend: (Time is in decaauts)
 A = Elapsed time spent in this place.
 B = Non-inter-level travel time spent in this place.
 C = Inter-level travel time spent in this place.
 D = Time resting spent in this place.
 E = Time spent auto-exploring this place.
 F = Levels seen in this place.
 G = Mean time per level.
                   A        B        C        D        E       F      G
               +--------+--------+--------+--------+--------+-----+--------+
         Total |   1876 |   1840 |     36 |    163 |   1313 |   3 |  625.3 |
       Dungeon |   1876 |   1840 |     36 |    163 |   1313 |   3 |  625.3 |
               +--------+--------+--------+--------+--------+-----+--------+

Top non-repeatable levels by time:
     D:2: 854 daAuts
     D:1: 758 daAuts
     D:3: 263 daAuts
